[Event "Titled Tuesday Blitz May 30 Late 2023"]
[White "Tejedor Fuente, Enrique"]
[Black "Perez, Maximiliano"]
[WhiteFideId "2299100"]
[BlackFideId "117234"]
[WhiteElo "2496"]
[BlackElo "2344"]
[Result "1-0"]
[Round "11"]
[TimeControl "180+2"]
[Date "2023.05.31"]
[WhiteClock "0:00:51"]
[BlackClock "0:00:02"]

1. Nf3 Nf6 2. d4 e6 3. g3 d5 4. Bg2 Be7 5. O-O O-O 6. c3 b6 7. Nbd2 Bb7 8. Ne5 c5 9. Ndf3 Nbd7 10. Bf4 Nxe5 11. Nxe5 Nd7 12. Qa4 Nxe5 13. Bxe5 f6 14. Bf4 Bd6 15. Bxd6 Qxd6 16. dxc5 bxc5 17. c4 Bc6 18. Qa6 Rfb8 19. cxd5 exd5 20. Rfd1 Rb6 21. Qa3 Rb4 22. b3 a5 23. Rac1 a4 24. bxa4 Raxa4 25. Qe3 d4 26. Bxc6 Qxc6 27. Qe7 Rb5 28. e3 Rb7 29. Qd8+ Kf7 30. exd4 Rd7 31. Rxc5 Qd6 32. Qc8 Rxd4 33. Rxd4 Qxd4 34. Rc1 Kg6 35. Qe8+ Kh6 36. Qe2 Ra7 37. Rc4 Qa1+ 38. Kg2 g5 39. Qe3 Qxa2 40. Rh4+ 1-0


[Site "https://www.chess.com"]

[Event "Titled Tuesday Blitz May 30 Late 2023"]
[White "Kavutskiy, Konstantin"]
[Black "Hambleton, Aman"]
[WhiteFideId "2026384"]
[BlackFideId "2606577"]
[WhiteElo "2323"]
[BlackElo "2511"]
[Result "1-0"]
[Round "11"]
[TimeControl "180+2"]
[Date "2023.05.31"]
[WhiteClock "0:00:39"]
[BlackClock "0:00:01"]

1. d4 e5 2. dxe5 Nc6 3. Nf3 Qe7 4. Bf4 Qb4+ 5. Bd2 Qxb2 6. Nc3 Bb4 7. Rb1 Qxc3 8. Bxc3 Bxc3+ 9. Nd2 Nxe5 10. e3 Nf6 11. Bd3 O-O 12. O-O d5 13. h3 b6 14. Nf3 Nxf3+ 15. Qxf3 Be5 16. c4 Be6 17. Rfc1 dxc4 18. Bxc4 Bxc4 19. Rxc4 Rae8 20. a4 a5 21. g3 Re7 22. Kg2 Rfe8 23. Rd1 Re6 24. Rc6 R6e7 25. Rc2 Bd6 26. Rxd6 cxd6 27. Rc6 Nd7 28. Rxd6 Nc5 29. Qc6 Ne4 30. Rd4 Re6 31. Qc7 g6 32. Qa7 Nc5 33. Rf4 R8e7 34. Qb8+ 1-0


[Site "https://www.chess.com"]

[Event "Titled Tuesday Blitz May 30 Late 2023"]
[White "Panesar Vedant"]
[Black "Pinheiro, Iung Alicio de O."]
[WhiteFideId "35033018"]
[BlackFideId "2104350"]
[WhiteElo "2347"]
[BlackElo "2283"]
[Result "1/2-1/2"]
[Round "11"]
[TimeControl "180+2"]
[Date "2023.05.31"]
[WhiteClock "0:00:20"]
[BlackClock "0:00:16"]

1. e4 e5 2. Nf3 Nc6 3. Bb5 a6 4. Ba4 d6 5. O-O Bd7 6. d4 b5 7. Bb3 Nxd4 8. Nxd4 exd4 9. c3 d3 10. Qxd3 Nf6 11. c4 Be7 12. Nc3 O-O 13. f3 c6 14. Bf4 Be6 15. Kh1 Nd7 16. cxb5 axb5 17. Bxe6 fxe6 18. Bg3 Nc5 19. Qc2 e5 20. Rfd1 Qc8 21. b4 Ne6 22. Bf2 Ra3 23. Qb2 Qa6 24. Rd2 Kh8 25. Rad1 Ra8 26. h3 h6 27. g3 Nd4 28. Kg2 Bg5 29. Rd3 Bf6 30. R3d2 c5 31. bxc5 dxc5 32. Bxd4 cxd4 33. Nxb5 Rxa2 34. Qxa2 Qxa2 35. Rxa2 Rxa2+ 36. Kg1 Rb2 37. Nd6 Kg8 38. Rd3 Bg5 39. Kf1 Be3 40. Nf5 Rf2+ 41. Ke1 Rxf3 42. Ke2 Rf2+ 43. Ke1 Rh2 44. Nxe3 dxe3 45. h4 e2 46. Re3 Rg2 47. Rf3 Kh7 48. h5 Rh2 49. Rf5 Rg2 50. Rxe5 Kg8 51. Rf5 Rh2 52. e5 Rh1+ 53. Kxe2 Ra1 54. e6 Ra6 55. Re5 Kf8 56. e7+ Ke8 57. Kf3 Ra7 58. Kf4 Rxe7 59. Ra5 Kf7 60. Kf5 Rb7 61. Rd5 Ra7 62. Rb5 Re7 63. Rd5 Ra7 64. g4 Re7 65. Rb5 Ra7 66. Ke5 Re7+ 67. Kd6 Re6+ 68. Kd5 Re1 69. Rb6 Rg1 70. Rg6 Re1 71. Kd4 Re7 72. Ra6 Re1 73. Kd5 Rg1 74. Ra4 Re1 75. Rf4+ Ke7 76. Rf5 Rd1+ 77. Ke4 Re1+ 78. Kd3 Ra1 79. Re5+ Kf6 80. Rf5+ Ke6 81. Rb5 Ra4 82. Rb6+ Kf7 83. Rg6 Rf4 84. Ke3 Ra4 85. Kf3 Ra7 86. Rb6 Re7 87. Kf4 Re1 88. Rb7+ Kf6 89. Rb6+ Kf7 90. Kf3 Rf1+ 91. Kg2 Rf6 92. Rb7+ Kg8 93. Kg3 Ra6 94. Rb8+ Kf7 95. Rb7+ Kf6 96. Rb5 Ra3+ 97. Kf4 Ra6 98. Rf5+ Ke7 99. Re5+ Kf7 100. Kf5 Rf6+ 101. Ke4 Ra6 102. Rb5 Ra4+ 103. Kf5 Ra7 104. g5 hxg5 105. Kxg5 Kg8 106. Kg6 Ra6+ 107. Kg5 Rf6 108. Rb8+ Kh7 109. Rb7 Ra6 110. Rb5 Rf6 111. Rd5 Ra6 112. Re5 Rh6 113. Re7 Ra6 114. Rf7 Ra5+ 115. Kg4 Ra6 116. Kg5 Rh6 117. Rf5 Ra6 118. Re5 Rb6 119. Rf5 Rh6 120. Kg4 Ra6 121. Rg5 Kh6 122. Rf5 Ra4+ 123. Kg3 Ra3+ 124. Kg4 Ra1 125. Rc5 Rg1+ 126. Kh4 Rh1+ 127. Kg4 Rb1 128. Rc6+ Kh7 129. Kg5 Rb5+ 130. Kg4 Ra5 131. Rd6 Ra4+ 132. Kg5 Ra5+ 133. Kg4 Rb5 134. Re6 Rc5 135. Re4 Kh6 136. Re6+ Kh7 137. Rg6 Rb5 138. Rc6 Rb4+ 139. Kg5 Rb1 140. Kg4 Rg1+ 141. Kh4 Rh1+ 142. Kg4 Rf1 143. Rc5 Re1 144. Rf5 Rg1+ 145. Kh4 Ra1 146. Kg3 Kh6 147. Kg4 Ra4+ 148. Kg3 Rb4 149. Ra5 Rb6 150. Rc5 Rf6 151. Kg4 Rd6 152. Re5 Rd4+ 153. Kg3 Ra4 154. Kh3 Rb4 155. Kg3 1/2-1/2


[Site "https://www.chess.com"]

[Event "Titled Tuesday Blitz May 30 Late 2023"]
[White "Simonian, Hrair"]
[Black "Fiorito, Francisco"]
[WhiteFideId "13302337"]
[BlackFideId "180165"]
[WhiteElo "2447"]
[BlackElo "2341"]
[Result "1-0"]
[Round "11"]
[TimeControl "180+2"]
[Date "2023.05.31"]
[WhiteClock "0:00:17"]
[BlackClock "0:00:06"]

1. e4 c5 2. Nc3 Nc6 3. Bb5 Nd4 4. Bc4 a6 5. Nge2 b5 6. Bd5 Rb8 7. a3 e6 8. Ba2 Ne7 9. Nxd4 cxd4 10. Ne2 Nc6 11. d3 Bc5 12. O-O O-O 13. Ng3 d6 14. f4 a5 15. f5 d5 16. Qg4 exf5 17. exf5 Ne5 18. Qh5 f6 19. Bf4 Kh8 20. Rae1 Qd6 21. Rf3 Bb7 22. Rff1 Rbe8 23. Kh1 Bc6 24. Re2 Qc7 25. Rfe1 Bd6 26. c3 dxc3 27. d4 Nf7 28. Bxd6 Nxd6 29. bxc3 Rxe2 30. Rxe2 Nc4 31. Nf1 Qd7 32. Ne3 Nxa3 33. Ng4 Re8 34. Rxe8+ Qxe8 35. Qxe8+ Bxe8 36. Bxd5 Nb1 37. c4 Nc3 38. Be6 a4 39. cxb5 Bxb5 40. Ne3 a3 41. Nc2 a2 42. d5 g6 43. d6 gxf5 44. d7 f4 45. d8=Q+ Kg7 46. Qg8+ Kh6 47. Qf8+ Kg5 48. Qg7+ Kh5 49. Qxh7+ Kg5 50. h4# 1-0


[Site "https://www.chess.com"]

[Event "Titled Tuesday Blitz May 30 Late 2023"]
[White "Prem, Pranav"]
[Black "Matinian, Nikita"]
[WhiteFideId "30901057"]
[BlackFideId "24129100"]
[WhiteElo "1970"]
[BlackElo "2422"]
[Result "1-0"]
[Round "11"]
[TimeControl "180+2"]
[Date "2023.05.31"]
[WhiteClock "0:00:06"]
[BlackClock "0:00:01"]

1. d4 g6 2. c4 Bg7 3. e4 d6 4. Nf3 Bg4 5. Nc3 Nc6 6. Be3 e5 7. d5 Nd4 8. Be2 Nxe2 9. Qxe2 Ne7 10. h3 Bd7 11. Nd2 f5 12. f3 O-O 13. O-O c5 14. a3 f4 15. Bf2 g5 16. b4 b6 17. Nb5 Rf6 18. Rab1 h5 19. a4 Rg6 20. bxc5 bxc5 21. h4 g4 22. fxg4 hxg4 23. g3 a6 24. Nc3 Rh6 25. Rb7 Ng6 26. a5 Bc8 27. Rb6 Ra7 28. Rb8 f3 29. Qe3 Rh5 30. Na4 Rb7 31. Rb1 Rxb1+ 32. Nxb1 Qc7 33. Qb3 Kh7 34. Qb6 Qd7 35. Qc6 Qf7 36. Qxc8 Nf4 37. Qe8 Nh3+ 38. Kf1 Qxe8 39. Rxe8 Rh6 40. Nb6 Bf6 41. Re6 1-0


[Site "https://www.chess.com"]

[Event "Titled Tuesday Blitz May 30 Late 2023"]
[White "Martinez Ramirez, Lennis"]
[Black "Moral Garcia, Serafin"]
[WhiteFideId "3509079"]
[BlackFideId "2201925"]
[WhiteElo "2410"]
[BlackElo "2274"]
[Result "1-0"]
[Round "11"]
[TimeControl "180+2"]
[Date "2023.05.31"]
[WhiteClock "0:00:20"]
[BlackClock "0:00:18"]

1. Nf3 Nf6 2. c4 g6 3. b4 Bg7 4. Bb2 a5 5. b5 c6 6. a4 d5 7. e3 O-O 8. h3 Nbd7 9. Na3 Re8 10. Be2 e5 11. O-O e4 12. bxc6 bxc6 13. Nd4 Ne5 14. cxd5 cxd5 15. Nab5 Ba6 16. Rc1 Rc8 17. Qb3 Qd7 18. Bc3 Nc4 19. Bxc4 Rxc4 20. Bxa5 Rec8 21. Rxc4 Rxc4 22. Bc3 Ne8 23. Ra1 h5 24. f4 Nd6 25. Nxd6 Qxd6 26. a5 Rc8 27. Qb6 Rd8 28. Nc6 Rd7 29. Bxg7 Kxg7 30. Qxa6 Rc7 31. Rc1 1-0


[Site "https://www.chess.com"]

[Event "Titled Tuesday Blitz May 30 Late 2023"]
[White "Dragomirescu, Robin-Alexandru"]
[Black "Tanenbaum, Zachary"]
[WhiteFideId "1213849"]
[BlackFideId "2060850"]
[WhiteElo "2356"]
[BlackElo "2175"]
[Result "1-0"]
[Round "11"]
[TimeControl "180+2"]
[Date "2023.05.31"]
[WhiteClock "0:00:10"]
[BlackClock "0:00:01"]

1. d4 d5 2. c4 dxc4 3. e3 e5 4. Bxc4 Nc6 5. d5 Na5 6. Bb5+ c6 7. dxc6 Qxd1+ 8. Kxd1 Nxc6 9. Nf3 Bd6 10. Nc3 Bf5 11. e4 Bg4 12. Bxc6+ bxc6 13. Be3 Nf6 14. Kc2 Ke7 15. Nd2 Be6 16. f3 Rhb8 17. b3 a5 18. Na4 Nd7 19. Nb1 f5 20. Nbc3 c5 21. Nb2 Nb6 22. Rhd1 Rc8 23. Rd2 a4 24. Rad1 axb3+ 25. axb3 Bb8 26. Bg5+ Kf7 27. Bd8 c4 28. Bxb6 cxb3+ 29. Kd3 Ra6 30. Nca4 Rc6 31. Be3 f4 32. Bf2 Ra8 33. Nc5 Ba7 34. Nxe6 Bxf2 35. Rxf2 Kxe6 36. Rfd2 Ra2 37. Nc4 Ra4 38. Nb2 Ra2 39. Ke2 Rc2 40. Nd3 1-0


[Site "https://www.chess.com"]

[Event "Titled Tuesday Blitz May 30 Late 2023"]
[White "Goryachkina, Aleksandra"]
[Black "Jovic, Stanoje"]
[WhiteFideId "4147103"]
[BlackFideId "905020"]
[WhiteElo "2471"]
[BlackElo "2236"]
[Result "1-0"]
[Round "11"]
[TimeControl "180+2"]
[Date "2023.05.31"]
[WhiteClock "0:00:17"]
[BlackClock "0:00:01"]

1. e4 c6 2. d4 d5 3. e5 c5 4. dxc5 e6 5. Nf3 Bxc5 6. a3 a5 7. Bd3 Ne7 8. O-O Nbc6 9. Re1 Qb6 10. Qe2 Ng6 11. Nc3 a4 12. Bb5 O-O 13. Rf1 Nd4 14. Nxd4 Bxd4 15. Nxa4 Qc7 16. Be3 Qxe5 17. Bxd4 Qxd4 18. Rad1 Qh4 19. Nb6 Rb8 20. c4 d4 21. f4 Rd8 22. c5 e5 23. f5 d3 24. Rxd3 Rxd3 25. Qxd3 Nf8 26. Qd6 Qd4+ 27. Qxd4 exd4 28. g4 g6 29. Rf4 gxf5 30. gxf5 f6 31. Bc4+ Kh8 32. Rg4 Ng6 33. Nxc8 Rxc8 34. fxg6 hxg6 35. b4 Kg7 36. Rxd4 Re8 37. Rd7+ Kh6 38. Rxb7 Re3 39. c6 Rc3 40. Bd5 f5 41. c7 g5 42. Be6 f4 43. c8=Q 1-0


[Site "https://www.chess.com"]

[Event "Titled Tuesday Blitz May 30 Late 2023"]
[White "Goncalves, Davi Sulzbacher"]
[Black "Timmermans, Mark"]
[WhiteFideId "2154510"]
[BlackFideId "1026399"]
[WhiteElo "2182"]
[BlackElo "2460"]
[Result "1-0"]
[Round "11"]
[TimeControl "180+2"]
[Date "2023.05.31"]
[WhiteClock "0:00:56"]
[BlackClock "0:01:33"]

1. Nf3 Nf6 2. d4 e6 3. c4 d5 4. Nc3 dxc4 5. e4 b5 6. e5 Nd5 7. Nxb5 Nb6 8. Be2 Nc6 9. O-O Be7 10. Be3 Ba6 11. Nc3 O-O 12. b3 Qc8 13. Ne4 cxb3 14. axb3 Bxe2 15. Qxe2 h6 16. Rfc1 Nb4 17. Bxh6 gxh6 18. Nf6+ Bxf6 19. exf6 N4d5 20. Qe5 Kh8 21. Qh5 Nxf6 22. Qxh6+ Kg8 23. Qg5+ Kh7 24. Qxf6 Qd8 25. Ng5+ Kg8 26. Qh6 1-0


[Site "https://www.chess.com"]

[Event "Titled Tuesday Blitz May 30 Late 2023"]
[White "Rosen, Eric"]
[Black "Vovk, Orest"]
[WhiteFideId "2032562"]
[BlackFideId "14113490"]
[WhiteElo "2331"]
[BlackElo "2215"]
[Result "1-0"]
[Round "11"]
[TimeControl "180+2"]
[Date "2023.05.31"]
[WhiteClock "0:00:06"]
[BlackClock "0:00:02"]

1. d4 h6 2. e4 g5 3. Ne2 Bg7 4. Ng3 c5 5. c3 d6 6. Nh5 Bf8 7. dxc5 dxc5 8. Qxd8+ Kxd8 9. Be3 b6 10. Na3 Nf6 11. O-O-O+ Bd7 12. Nxf6 exf6 13. Bc4 Ke7 14. h4 Bg7 15. Nb5 Bxb5 16. Bxb5 a6 17. Bc4 Nc6 18. Bd5 Rac8 19. f3 a5 20. Bc4 Ne5 21. Bb5 Rhd8 22. Bf2 Rxd1+ 23. Rxd1 Rd8 24. Rxd8 Kxd8 25. Kc2 Bf8 26. Be2 Bd6 27. Kb3 Ng6 28. hxg5 fxg5 29. Ka4 Kc7 30. Kb5 Nf4 31. Bf1 f6 32. a3 Ne6 33. b4 axb4 34. axb4 h5 35. Bc4 Nf4 36. Bf1 Ne6 37. g3 Be7 38. Bc4 Nd8 39. bxc5 bxc5 40. Bxc5 Bxc5 41. Kxc5 h4 42. gxh4 gxh4 43. Bf1 Ne6+ 44. Kd5 Ng5 45. f4 Nf3 46. Ke6 Nd2 47. Bg2 h3 48. Bh1 h2 49. Kxf6 Nf1 50. e5 Ng3 51. Bg2 h1=Q 52. Bxh1 Nxh1 53. e6 Ng3 54. e7 Ne4+ 55. Ke6 Nd6 56. f5 Ne8 57. f6 Kc6 58. f7 Ng7+ 59. Kf6 Nh5+ 60. Kg5 1-0


[Site "https://www.chess.com"]

[Event "Titled Tuesday Blitz May 30 Late 2023"]
[White "Domingo Nunez, Ruben"]
[Black "Shapiro, Viktor"]
[WhiteFideId "22245570"]
[BlackFideId "4175700"]
[WhiteElo "2404"]
[BlackElo "2152"]
[Result "0-1"]
[Round "11"]
[TimeControl "180+2"]
[Date "2023.05.31"]
[WhiteClock "0:00:18"]
[BlackClock "0:01:00"]

1. b3 Nf6 2. Bb2 d5 3. Nf3 Bf5 4. c4 e6 5. d4 Be7 6. e3 O-O 7. Bd3 Bxd3 8. Qxd3 c6 9. O-O Nbd7 10. Nc3 a6 11. Rac1 b5 12. e4 bxc4 13. bxc4 Rb8 14. Rc2 dxe4 15. Nxe4 c5 16. d5 exd5 17. cxd5 Nxe4 18. Qxe4 Bf6 19. Ba3 Re8 20. Qd3 Qa5 21. Rfc1 Rb5 22. h4 h6 23. Qf5 Rd8 24. Qd3 c4 25. Rxc4 Rxd5 26. Qb3 Ne5 27. Nxe5 Rxe5 28. Bb4 Qd5 29. g3 Re2 30. Rc8 Qxb3 31. axb3 Rxc8 32. Rxc8+ Kh7 33. Bc3 Rc2 0-1


[Site "https://www.chess.com"]

[Event "Titled Tuesday Blitz May 30 Late 2023"]
[White "Saveliev, Alexei"]
[Black "Arnold, Ken"]
[WhiteFideId "24128546"]
[BlackFideId "2056836"]
[WhiteElo "2271"]
[BlackElo "2430"]
[Result "1-0"]
[Round "11"]
[TimeControl "180+2"]
[Date "2023.05.31"]
[WhiteClock "0:00:48"]
[BlackClock "0:01:28"]

1. c4 c6 2. Nc3 Nf6 3. e4 d5 4. cxd5 cxd5 5. e5 d4 6. exf6 dxc3 7. bxc3 exf6 8. d4 Bd6 9. Bd3 O-O 10. Qc2 g6 11. Ne2 Qc7 12. h4 Bg4 13. h5 Bxe2 14. Bxe2 Bf4 15. Bxf4 Qxf4 16. g3 Qg5 17. Bf3 Nc6 18. Kf1 Rac8 19. Qb2 b6 20. Kg2 Na5 21. Rae1 Rc7 22. hxg6 hxg6 23. Re4 Nc4 24. Qb4 a5 25. Rh8+ Kxh8 26. Qxf8+ Kh7 27. Rh4+ 1-0


[Site "https://www.chess.com"]

[Event "Titled Tuesday Blitz May 30 Late 2023"]
[White "Arabidze, Meri"]
[Black "Osmonbekov, Talaibek"]
[WhiteFideId "13604040"]
[BlackFideId "2017253"]
[WhiteElo "2405"]
[BlackElo "2135"]
[Result "1-0"]
[Round "11"]
[TimeControl "180+2"]
[Date "2023.05.31"]
[WhiteClock "0:00:14"]
[BlackClock "0:00:28"]

1. d4 e6 2. Nf3 f5 3. c4 Nf6 4. g3 Be7 5. Bg2 O-O 6. O-O d6 7. Nc3 Ne4 8. Qc2 Nxc3 9. bxc3 Nc6 10. e4 e5 11. Rd1 Qe8 12. c5 f4 13. cxd6 cxd6 14. Ba3 Kh8 15. dxe5 dxe5 16. Bxe7 Qxe7 17. Nh4 Bg4 18. Rd5 g6 19. Qd2 Be6 20. Re1 Rad8 21. Nf3 fxg3 22. hxg3 Bxd5 23. exd5 Qc5 24. Nxe5 Nxe5 25. Rxe5 Rde8 26. Rxe8 Rxe8 27. Kh2 Rc8 28. d6 Rd8 29. d7 Kg7 30. Bxb7 Qc7 31. Qd4+ Kg8 32. Bd5+ Kf8 33. Qf6# 1-0


[Site "https://www.chess.com"]

[Event "Titled Tuesday Blitz May 30 Late 2023"]
[White "Jarovinsky, Alexey"]
[Black "Smiechu"]
[WhiteFideId "14115131"]
[WhiteElo "2446"]
[BlackElo "2380"]
[Result "1/2-1/2"]
[Round "11"]
[TimeControl "180+2"]
[Date "2023.05.31"]
[WhiteClock "0:00:15"]
[BlackClock "0:00:07"]

1. Nc3 Nf6 2. e4 d5 3. exd5 Nxd5 4. Bc4 Nxc3 5. Qf3 e6 6. dxc3 Bd6 7. Qe2 Nc6 8. Nf3 Qe7 9. Ng5 Bd7 10. O-O h6 11. Ne4 Ne5 12. Bb3 Bc6 13. f4 Nd7 14. Nxd6+ Qxd6 15. f5 Nc5 16. Bf4 Qe7 17. fxe6 O-O-O 18. Rae1 Nxb3 19. axb3 Rhe8 20. Qe5 fxe6 21. c4 Kb8 22. b4 Qd6 23. b5 Qxe5 24. Bxe5 Bd7 25. Rf7 g6 26. Bf6 Rf8 27. Rxf8 Rxf8 28. Bg7 Rf4 29. b3 h5 30. g3 Rf5 31. h3 a6 32. bxa6 bxa6 33. Be5 Kb7 34. Re2 Rf3 35. Kh2 Bc6 36. h4 Kb6 37. Bd4+ Kb7 38. Rxe6 Rf1 39. Bg1 Rc1 40. Re2 Bf3 41. Rf2 Bc6 42. Rd2 Re1 43. g4 hxg4 44. Bf2 Rc1 45. Kg3 Be4 46. Rd7 Bxc2 47. b4 Bb3 48. c5 Bd1 49. Be3 Rc3 50. Kf2 g3+ 51. Kxg3 Rxe3+ 52. Kf2 Re4 53. Rxd1 Rxh4 54. Rb1 Kc6 55. Ra1 Kb5 56. Ra5+ Kxb4 57. Rxa6 Rg4 58. Rc6 Rc4 59. Rxc7 Rxc5 60. Rb7+ Kc4 61. Rg7 Kd4 62. Rg8 Rf5+ 63. Kg3 Ke5 64. Kg4 Kf6 65. Rf8+ Kg7 66. Rc8 Ra5 67. Rc1 Ra4+ 68. Kg3 Kh6 69. Kg2 Kg5 70. Rc2 Ra3 71. Rd2 Kh4 72. Re2 g5 73. Kh2 Kg4 74. Rg2+ Kf4 75. Rf2+ Kg4 76. Rg2+ Kf4 77. Rf2+ Rf3 78. Rg2 g4 79. Rc2 Ra3 80. Rb2 Kf3 81. Rb1 Ra2+ 82. Kg1 g3 83. Rf1+ Kg4 84. Rf8 Ra1+ 85. Kg2 Ra2+ 86. Kg1 Ra1+ 87. Kg2 Ra2+ 88. Kg1 1/2-1/2


[Site "https://www.chess.com"]

[Event "Titled Tuesday Blitz May 30 Late 2023"]
[White "Toncheva, Nadya"]
[Black "Mekhitarian, Krikor Sevag"]
[WhiteFideId "2924056"]
[BlackFideId "2107660"]
[WhiteElo "2101"]
[BlackElo "2604"]
[Result "1-0"]
[Round "11"]
[TimeControl "180+2"]
[Date "2023.05.31"]
[WhiteClock "0:00:13"]
[BlackClock "0:00:02"]

1. d4 d5 2. c4 e6 3. Nc3 c5 4. cxd5 cxd4 5. Qa4+ Bd7 6. Qxd4 exd5 7. Qxd5 Nc6 8. e3 Nf6 9. Qd1 Bc5 10. Nf3 Qe7 11. Be2 O-O 12. O-O Rfd8 13. Qc2 Nb4 14. Qb3 a5 15. Bd2 a4 16. Qc4 Be6 17. Qh4 h6 18. a3 Nc6 19. Rad1 Bb3 20. Rc1 Ne5 21. Nxe5 Qxe5 22. Be1 Rd6 23. Nb5 Rc6 24. Bc3 Qg5 25. Qxg5 hxg5 26. Bf3 Nd5 27. Nd4 Bxd4 28. Bxd4 Rac8 29. Rxc6 Rxc6 30. h3 Rc2 31. Bd1 Rc8 32. Bxb3 axb3 33. Rd1 Rc2 34. Kf1 f5 35. Ke1 f4 36. Rd2 Rc1+ 37. Ke2 fxe3 38. fxe3 Kf7 39. Rd3 Rc2+ 40. Kf3 Nc7 41. Rxb3 Ne6 42. Rxb7+ Kg6 43. Bc3 Kf5 44. Rb5+ Kg6 45. a4 Rc1 46. a5 Rf1+ 47. Ke2 Ra1 48. Rb6 Kf7 49. a6 Nc5 50. Bd4 Nxa6 51. Rb7+ Ke6 52. Rxg7 Nb4 53. Rg6+ Kd5 54. Rxg5+ Ke6 55. Re5+ Kf7 56. Rb5 Nc6 57. h4 Rg1 58. Kf2 Rd1 59. Bc3 Rh1 60. Rc5 Ne7 61. Rc7 Ke6 62. g3 Nf5 63. Rc6+ Kd5 64. Rf6 Ke4 65. Re6+ Kd3 66. Kf3 Rf1+ 67. Kg4 Nxe3+ 68. Rxe3+ Kxe3 69. h5 Rh1 70. Kg5 Kf3 71. h6 Rg1 72. h7 Rxg3+ 73. Kf5 Rh3 74. h8=Q Rxh8 75. Bxh8 1-0


[Site "https://www.chess.com"]

[Event "Titled Tuesday Blitz May 30 Late 2023"]
[White "Uzcategui Rodriguez, Alejandro"]
[Black "Makridis, Dimitrios"]
[WhiteFideId "3903400"]
[BlackFideId "25864475"]
[WhiteElo "2252"]
[BlackElo "2277"]
[Result "0-1"]
[Round "11"]
[TimeControl "180+2"]
[Date "2023.05.31"]
[WhiteClock "0:00:07"]
[BlackClock "0:01:07"]

1. e4 c5 2. Nf3 d6 3. d4 cxd4 4. Nxd4 a6 5. Nc3 Nf6 6. Bc4 e6 7. Bb3 b5 8. Qf3 Bb7 9. a3 Nc6 10. Be3 Rc8 11. O-O Ne5 12. Qe2 Rxc3 13. bxc3 Nxe4 14. Bd2 Be7 15. a4 O-O 16. axb5 axb5 17. f3 Nxd2 18. Qxd2 Qb6 19. Kh1 d5 20. f4 Nc6 21. f5 b4 22. fxe6 bxc3 23. exf7+ Kh8 24. Qe3 Qxd4 25. Qxd4 Nxd4 26. Ra7 Nxb3 27. Rxb7 Nd2 28. Rxe7 g6 29. Re8 Kg7 30. Rxf8 Kxf8 31. Rf2 d4 32. Kg1 d3 33. cxd3 c2 0-1


[Site "https://www.chess.com"]

[Event "Titled Tuesday Blitz May 30 Late 2023"]
[White "Jakic, Ivan"]
[Black "Hossain, Enamul"]
[WhiteFideId "14504901"]
[BlackFideId "10200649"]
[WhiteElo "2370"]
[BlackElo "2433"]
[Result "1-0"]
[Round "11"]
[TimeControl "180+2"]
[Date "2023.05.31"]
[WhiteClock "0:00:09"]
[BlackClock "0:00:09"]

1. e4 c5 2. Nf3 Nc6 3. Bb5 e5 4. O-O Bd6 5. c3 a6 6. Bxc6 dxc6 7. d4 exd4 8. cxd4 Bg4 9. dxc5 Bxc5 10. Nbd2 Nf6 11. Qc2 Ba7 12. h3 Bh5 13. b3 O-O 14. Bb2 Re8 15. Rae1 Qe7 16. Nh4 Rad8 17. Nc4 Bg6 18. Nxg6 hxg6 19. e5 Nd5 20. Nd6 Rf8 21. Ba3 Qe6 22. Nxb7 Nf4 23. Bxf8 Rxf8 24. Nd6 g5 25. Qe4 Ng6 26. Qf5 Qd5 27. Ne4 Nxe5 28. Nxg5 Nd3 29. Qh7# 1-0


[Site "https://www.chess.com"]

[Event "Titled Tuesday Blitz May 30 Late 2023"]
[White "MariusBieliauskas"]
[Black "Kleiman, Jake"]
[BlackFideId "2020041"]
[WhiteElo "2467"]
[BlackElo "2588"]
[Result "0-1"]
[Round "11"]
[TimeControl "180+2"]
[Date "2023.05.31"]
[WhiteClock "0:00:25"]
[BlackClock "0:01:22"]

1. d4 Nf6 2. c4 c5 3. d5 b5 4. cxb5 a6 5. bxa6 g6 6. Nc3 Bg7 7. Nf3 O-O 8. g3 d6 9. Bg2 Bxa6 10. O-O Nbd7 11. Rb1 Qa5 12. Bd2 Rfb8 13. Qc2 Ng4 14. Rfd1 Nge5 15. Nxe5 Nxe5 16. b3 Rb7 17. a4 Rab8 18. Nb5 Qd8 19. Nc3 Rb6 20. h3 Qc8 21. f4 Nd7 22. e4 Qb7 23. Bf1 Bxf1 24. Rxf1 Rxb3 25. Rxb3 Qxb3 26. Qxb3 Rxb3 27. Rc1 Ra3 28. Kf2 f5 29. exf5 gxf5 30. Ke2 Kf7 31. g4 Nb6 32. gxf5 Bxc3 33. Rxc3 Rxa4 34. Rd3 Kf6 35. Kf3 Kxf5 36. Be3 Rb4 37. Rd1 Rb3 38. Ke2 Ke4 39. Bc1 Nxd5 40. Rg1 Rxh3 41. Rg5 Rh2+ 42. Kd1 h5 43. f5 h4 44. Rg4+ Kxf5 45. Rg5+ Ke4 46. Rg4+ Kd3 47. Rg1 h3 48. Rg3+ Kc4 49. Rg4+ Kb3 50. Rg3+ Nc3+ 51. Ke1 Rh1+ 52. Kd2 Rd1+ 0-1


[Site "https://www.chess.com"]

[Event "Titled Tuesday Blitz May 30 Late 2023"]
[White "brm72"]
[Black "i_like_explosions"]
[WhiteElo "2584"]
[BlackElo "2461"]
[Result "1-0"]
[Round "11"]
[TimeControl "180+2"]
[Date "2023.05.31"]
[WhiteClock "0:01:35"]
[BlackClock "0:00:57"]

1. e4 c5 2. Nf3 Nc6 3. Bb5 e6 4. Bxc6 bxc6 5. d3 Qc7 6. O-O e5 7. Nbd2 Ne7 8. Nc4 d6 9. c3 Ng6 10. d4 cxd4 11. cxd4 Be7 12. dxe5 dxe5 13. Qc2 O-O 14. Be3 Be6 15. Rac1 Rab8 16. b3 Rfd8 17. Rfd1 Rxd1+ 18. Rxd1 Rd8 19. Rxd8+ Qxd8 20. Bxa7 f6 21. Be3 Bg4 22. Nfd2 Nf8 23. h3 Be6 24. a4 Nd7 25. a5 c5 26. Qa2 Qa8 27. Qa4 Kf7 28. f3 Nb8 29. Qb5 Bd7 30. Qb6 Na6 31. Nd6+ Bxd6 32. Qxd6 Qc6 33. Nc4 Qxd6 34. Nxd6+ Kg6 35. Nb7 Be6 36. Nxc5 Nxc5 37. Bxc5 Bxb3 38. a6 Ba4 39. Kf2 Kf7 40. Ke3 Ke6 41. Bf8 g6 42. Bg7 Bc6 43. Kd2 f5 44. exf5+ Kxf5 45. Ke3 h5 46. g4+ hxg4 47. fxg4+ Ke6 48. h4 e4 49. a7 Kf7 50. Bd4 Ke6 51. Kf4 Kf7 52. Kg5 Ba8 53. Kh6 Bd5 54. h5 gxh5 55. gxh5 Kg8 56. Kg6 Ba8 57. h6 1-0


[Site "https://www.chess.com"]

[Event "Titled Tuesday Blitz May 30 Late 2023"]
[White "Kovalevsky, Stanislav"]
[Black "Bruedigam, Martin"]
[WhiteFideId "13508598"]
[BlackFideId "24608033"]
[WhiteElo "2174"]
[BlackElo "2331"]
[Result "0-1"]
[Round "11"]
[TimeControl "180+2"]
[Date "2023.05.31"]
[WhiteClock "0:00:09"]
[BlackClock "0:00:58"]

1. c4 Nf6 2. Nc3 e5 3. g3 Bb4 4. Bg2 Bxc3 5. dxc3 d6 6. e4 Be6 7. Qe2 a6 8. Nf3 h6 9. Nd2 Qd7 10. Nf1 b5 11. Ne3 Qc6 12. cxb5 axb5 13. a3 Nbd7 14. O-O Nb6 15. Rd1 Bb3 16. Re1 Be6 17. Nf5 Kf8 18. h3 Qd7 19. Kh2 h5 20. Bg5 Ng8 21. h4 g6 22. Qd2 gxf5 23. exf5 Bxf5 24. Bxa8 Nxa8 25. Rad1 Nb6 26. Be3 Nc4 27. Qd5 Nf6 28. Qa8+ Kg7 29. Qa7 Nxb2 30. Ra1 Ng4+ 31. Kg1 Qc6 32. Qa5 Nd3 33. c4 Qf3 34. cxb5 Be4 35. Qxc7 Qg2# 0-1


[Site "https://www.chess.com"]

[Event "Titled Tuesday Blitz May 30 Late 2023"]
[White "Lalanne, Pablo"]
[Black "Filgueira, Hernan"]
[WhiteFideId "112151"]
[BlackFideId "101770"]
[WhiteElo "2120"]
[BlackElo "2363"]
[Result "0-1"]
[Round "11"]
[TimeControl "180+2"]
[Date "2023.05.31"]
[WhiteClock "0:00:06"]
[BlackClock "0:01:17"]

1. e4 d5 2. exd5 Qxd5 3. Nc3 Qd6 4. d4 c6 5. Nf3 Nf6 6. Ne5 Nbd7 7. Bf4 Nd5 8. Nxd5 Qxd5 9. Bc4 Qe4+ 10. Qe2 Qxe2+ 11. Kxe2 Nxe5 12. Bxe5 Bf5 13. Bd3 Bxd3+ 14. Kxd3 e6 15. Rhe1 f6 16. Bg3 Kf7 17. c3 c5 18. dxc5 Bxc5 19. Rad1 h5 20. h4 Rad8+ 21. Kc2 Bb6 22. b4 e5 23. a4 a6 24. f4 exf4 25. Bxf4 Bf2 26. Rh1 Rxd1 27. Kxd1 Rd8+ 28. Ke2 Bb6 29. a5 Ba7 30. Rd1 Rxd1 31. Kxd1 Ke6 32. Ke2 Kf5 33. Kf3 g5 34. hxg5 fxg5 35. Bc7 g4+ 36. Ke2 h4 37. c4 Bg1 38. b5 Ke6 39. Kf1 Bd4 40. bxa6 bxa6 41. Bd8 h3 42. gxh3 gxh3 43. Bc7 Kd7 44. Bh2 Kc6 45. Ke2 Kc5 46. Kd3 Bf2 47. Kc3 Be1+ 48. Kd3 Bxa5 49. Bg3 Kc6 50. Ke2 Bc3 51. Kf3 a5 52. Bf4 Kc5 53. Kg3 Kxc4 54. Bc7 a4 55. Bd6 Bb4 56. Be5 Kb3 57. Kxh3 a3 58. Ba1 a2 59. Kg4 Bc3 0-1


[Site "https://www.chess.com"]